 Dungeon Crawl Stone Soup version 0.21.1-1-g345015fe64 (webtiles) character file.

3115 RaHiT the Slasher (level 9, -6/102 HPs)
             Began as a Demonspawn Chaos Knight on Mar 27, 2018.
             Mangled by a two-headed ogre
             ... wielding a +4 dire flail of chaos
              (13 damage)
             ... on level 8 of the Dungeon.
             The game lasted 00:27:26 (5898 turns).

RaHiT the Slasher (Demonspawn Chaos Knight)         Turns: 5898, Time: 00:27:26

Health: -6/102     AC: 28    Str: 12    XL:     9   Next: 60%
Magic:  0/9        EV:  2    Int: 13    God:    Xom [......]
Gold:   501        SH:  6    Dex: 22    Spells: 8/8 levels left

rFire    . . .     SeeInvis .   a - +0 falchion (chaos)
rCold    . . .     Gourm    .   n - +0 buckler
rNeg     + + +     Faith    .   (armour currently unavailable)
rPois    +         Spirit   +   (helmet currently unavailable)
rElec    .         Reflect  .   (cloak currently unavailable)
rCorr    .         Harm     .   (gloves currently unavailable)
MR       .....     NoTele   +   (boots currently unavailable)
Stlth    ++........             L - amulet of guardian spirit
HPRegen  0.27/turn              h - +4 ring of protection
MPRegen  0.11/turn              H - +5 ring of dexterity

@: tree-form, drained
A: no striking features
a: Renounce Religion


You were on level 8 of the Dungeon.
You worshipped Xom.
You were a very special plaything of Xom.
You were not hungry.
You were a tree.
You visited 1 branch of the dungeon, and saw 8 of its levels.

You collected 512 gold pieces.
You spent 11 gold pieces at shops.

Inventory:

Hand Weapons
 a - a +0 falchion of chaos (weapon)
 s - a +0 long sword
 v - a +0 long sword
 x - the +1 mace "Tok Apez" {crush, *Rage rElec Int+4}
   (You found it on level 6 of the Dungeon)

   It inflicts extra damage upon your enemies.
   It affects your intelligence (+4).
   It insulates you from electricity.
   It may make you go berserk in combat.
 J - a +0 blowgun
 K - a cursed +0 scimitar
 M - a +0 dire flail
Missiles
 o - 22 tomahawks (quivered)
 D - 46 poisoned needles
 G - 3 throwing nets
Armour
 b - a +2 leather armour (melded)
 d - a +0 pair of gloves (melded)
 n - a +0 buckler (worn)
Jewellery
 h - a +4 ring of protection (left branch)
 H - a +5 ring of dexterity (right branch)
 L - an amulet of guardian spirit (around neck)
Wands
 p - a wand of acid (6)
 u - a wand of iceblast (6)
 A - a wand of enslavement (15)
Scrolls
 e - a scroll of blinking
 f - 8 scrolls of remove curse
 j - 2 scrolls of amnesia
 k - 2 scrolls of fog
 r - a scroll of random uselessness {unknown}
 t - 2 scrolls of enchant armour {unknown}
 z - 3 scrolls of teleportation {unknown}
 B - a scroll of immolation {unknown}
 C - a scroll of noise {unknown}
 E - a scroll of magic mapping {unknown}
Potions
 g - a potion of magic {unknown}
 l - 5 potions of curing
 m - 2 potions of ambrosia
 q - a potion of lignification
 w - a potion of mutation {unknown}
Books
 y - a book of Minor Magic

   Spells                             Type                      Level
   a - Magic Dart                     Conjuration                  1
   b - Blink                          Translocation                2
   c - Call Imp                       Summoning                    2
   d - Slow                           Hexes                        2
   e - Conjure Flame                  Conjuration/Fire             3
   f - Mephitic Cloud                 Conjuration/Poison/Air       3
 F - a book of Cantrips

   Spells                             Type                      Level
   a - Confusing Touch                Hexes                        1
   b - Animate Skeleton               Necromancy                   1
   c - Summon Small Mammal            Summoning                    1
   d - Apportation                    Translocation                1
Comestibles
 c - 15 rations
 I - 5 chunks of flesh


   Skills:
 - Level 5.1(4.7) Fighting
 + Level 7.8(7.3) Long Blades
 + Level 3.2(2.8) Throwing
 - Level 2.0(1.7) Armour
 * Level 7.2(6.8) Dodging
 - Level 4.0(3.6) Shields
 - Level 1.0(0.7) Evocations


You had 8 spell levels left.
You didn't know any spells.

Dungeon Overview and Level Annotations

Branches:
Dungeon (8/15)             Temple (0/1) D:5
   Lair: D:8-11

Altars:
Kikubaaqudgha
Zin

Shops:
D:5 !   D:7 =


Innate Abilities, Weirdness & Mutations

((You have large cloven feet.))
((You are partially covered in thin metallic scales. (AC +2)))
((Your flesh is heat resistant. (rF+)))
((You are partially covered in sharp spines.))
((You have a pair of small antennae on your head.))


Message History

Unknown command.
You hit the two-headed ogre. You burn the two-headed ogre.
You kick the two-headed ogre.
The two-headed ogre is severely wounded.
The two-headed ogre is struck by your spines.
The two-headed ogre hits you with a dire flail of chaos!
You feel drained.
The two-headed ogre hits you with a giant spiked club!!
* * * LOW HITPOINT WARNING * * *
Okay, then.
It was a potion of lignification.
You turn into a tree.
Your +0 pair of gloves melds into your body.
Your +2 leather armour melds into your body.
Your roots penetrate the ground.
Unknown command.
You hit the two-headed ogre. You freeze the two-headed ogre.
The two-headed ogre is almost dead.
The two-headed ogre hits you with a dire flail of chaos!
You die...
Xom thinks this is hilarious!

..... #..................# #...#
####.........(...#..... #....##
##...........(...###)...
#.....##............(.....##))..
#..........##......(......##....
#.......# #.............##....
#.....### ##..........#..#....
##.....# #..O##.....##......
#......# ##.♣####....#.......
##......## ##..## #.#..........
.........####...# #...)......#.
...........##..## ##.........###
#..............## #..........# #
#..........#....# ###..#.....###
#...####...###..## #.###.......
#..## #..## ##..## ####.....###
.^.# #..# ##..#####...##...#


You could see a two-headed ogre.

Vanquished Creatures
  The ghost of RaHiT the Nimble, a novice SpGl of Trog (D:4)
  A spriggan (D:8)
  A hungry ghost (D:7)
  Edmund (D:6)
  A phantom (D:2)
  4 ogres
  A centaur (D:6)
  3 bullfrogs
  A big kobold (D:8)
  A gnoll sergeant (D:8)
  2 scorpions (D:8)
  5 wights
  4 howler monkeys
  4 crimson imps
  4 orc priests
  A hound (D:6)
  An iguana (D:7)
  An orc wizard (D:7)
  2 worker ants
  A hound zombie (D:5)
  11 gnolls
  8 adders
  3 shadow imps
  3 oozes
  An adder skeleton (D:4)
  3 worms
  A dart slug (D:2)
  2 leopard geckos
  14 orcs
  3 ball pythons
  7 giant cockroaches
  8 goblins
  4 hobgoblins
  6 jackals
  3 quokkas
  4 bats
  4 frilled lizards
  A jackal skeleton (D:4)
  12 kobolds
  8 rats
146 creatures vanquished.

Vanquished Creatures (collateral kills)
  The ghost of syranez the Firebug, a novice OpFE of Vehumet (D:6)
  A gnoll sergeant (D:5)
  A wight (D:8)
  A gnoll (D:5)
  2 orcs
6 creatures vanquished.

Vanquished Creatures (others)
  A centaur skeleton (D:6)
1 creature vanquished.

Grand Total: 153 creatures vanquished

Notes
Turn   | Place    | Note
-------+----------+-------------------------------------------
     0 | D:1      | RaHiT the Demonspawn Chaos Knight began the quest for the Orb.
     0 | D:1      | Reached XP level 1. HP: 18/18 MP: 1/1
     4 | D:1      | Reached skill level 1 in Dodging
    61 | D:1      | XOM: divination: detect creatures
    67 | D:1      | Gained mutation: You are partially covered in sharp spines. [demonic ancestry]
    67 | D:1      | Reached XP level 2. HP: 21/24 MP: 2/2
   475 | D:1      | XOM: harmless Chrm miscast
   568 | D:2      | Gained mutation: Your flesh is heat resistant. (rF+) [demonic ancestry]
   568 | D:2      | Reached XP level 3. HP: 29/29 MP: 3/3
   602 | D:2      | XOM: medium Erth miscast
   605 | D:2      | XOM: medium Erth miscast
   659 | D:2      | XOM: chaos upgrade
   860 | D:2      | Noticed a phantom
   870 | D:2      | XOM: divination: magic mapping
   872 | D:2      | Killed a phantom
   872 | D:2      | Gained mutation: You have large cloven feet. [demonic ancestry]
   872 | D:2      | Reached XP level 4. HP: 24/35 MP: 4/4
  1079 | D:2      | Gained mutation: You are partially covered in thin metallic scales. (AC +2) [demonic ancestry]
  1079 | D:2      | Reached XP level 5. HP: 41/41 MP: 5/5
  1116 | D:3      | XOM: noise
  1154 | D:3      | XOM: stat loss: -1 Dex (13/14)
  1432 | D:3      | XOM: god gift: shiny glass wand {god gift}
  1468 | D:3      | XOM: give mutation
  1468 | D:3      | Gained mutation: You have a pair of small antennae on your head. [Xom's grace]
  1486 | D:3      | XOM: god gift: 21 stones
  1867 | D:4      | XOM: confuse monster(s)
  1868 | D:4      | Reached skill level 1 in Evocations
  1873 | D:4      | Noticed an ogre
  1884 | D:4      | Killed an ogre
  1884 | D:4      | Reached XP level 6. HP: 38/47 MP: 6/6
  2206 | D:4      | Found an ancient bone altar of Kikubaaqudgha.
  2222 | D:4      | Noticed RaHiT's ghost (novice SpGl)
  2228 | D:4      | XOM: destruction
  2245 | D:4      | XOM: divination: detect creatures
  2260 | D:4      | Killed RaHiT's ghost
  2260 | D:4      | Reached skill level 5 in Long Blades
  2302 | D:4      | XOM: god gift: 20 gold pieces
  2455 | D:4      | XOM: mild Ice miscast
  2487 | D:4      | XOM: mild Necr miscast
  2628 | D:5      | Entered Level 5 of the Dungeon
  2645 | D:5      | Found a staircase to the Ecumenical Temple.
  2685 | D:5      | XOM: confuse monster(s)
  2694 | D:5      | Reached XP level 7. HP: 33/53 MP: 7/7
  2704 | D:5      | XOM: cast spell 'Summon Ice Beast'
  2992 | D:5      | Found Catz's Distillery.
  2997 | D:5      | Bought a potion of degeneration for 11 gold pieces
  3041 | D:5      | Reached skill level 1 in Shields
  3231 | D:5      | Found a glowing silver altar of Zin.
  3240 | D:5      | XOM: 10-stop teleportation journey
  3587 | D:6      | Noticed syranez's ghost (novice OpFE)
  3588 | D:6      | XOM: enchant monster (good)
  3606 | D:6      | Got a pitted mace
  3607 | D:6      | Identified the +1 mace "Tok Apez" {crush, *Rage rElec Int+4} (You found it on level 6 of the Dungeon)
  3625 | D:6      | XOM: mild Ice miscast
  3633 | D:6      | XOM: cast spell 'Monstrous Menagerie'
  3634 | D:6      | Killed syranez's ghost
  3634 | D:6      | Reached skill level 5 in Fighting
  3634 | D:6      | Reached skill level 5 in Dodging
  3634 | D:6      | Reached XP level 8. HP: 20/62 MP: 8/8
  3991 | D:6      | Noticed Edmund
  4022 | D:6      | Killed Edmund
  4186 | D:6      | XOM: silly message
  4459 | D:6      | XOM: harmless Erth miscast
  4662 | D:6      | Reached skill level 1 in Throwing
  4829 | D:7      | Reached XP level 9. HP: 68/68 MP: 9/9
  5085 | D:7      | Found Uhelintu's Jewellery Boutique.
  5171 | D:7      | XOM: divination: detect items
  5217 | D:7      | XOM: draining
  5308 | D:7      | XOM: polymorph worm -> ogre
  5311 | D:7      | XOM: smoke on damage
  5577 | D:8      | XOM: swap monsters
  5746 | D:8      | XOM: enchant monster (bad)
  5886 | D:8      | XOM: 1-stop teleportation journey
  5887 | D:8      | Noticed a two-headed ogre
  5887 | D:8      | XOM: chaos upgrade
  5898 | D:8      | Mangled by a two-headed ogre

Skill      XL: |  1  2  3  4  5  6  7  8  9 |
---------------+----------------------------+-----
Dodging        | 1 3 4 5 7 |  7.2
Armour         | 2 |  2.0
Long Blades    | 3 4 5 7 |  7.8
Evocations     | 1 |  1.0
Fighting       | 5 |  5.1
Shields        | 3 4 |  4.0
Throwing       | 1 3 |  3.2

Action                   |  1- 3 |  4- 6 |  7- 9 || total
-------------------------+-------+-------+-------++-------
Melee: Falchion          |    64 |    83 |   234 ||   381
       Kick              |       |    19 |    88 ||   107
Throw: Tomahawk          |       |     7 |    73 ||    80
Evoke: Wand              |       |       |     1 ||     1
  Use: Potion            |     1 |       |     2 ||     3
       Scroll            |       |     3 |     1 ||     4
 Stab: Paralysed         |     1 |       |     7 ||     8
       Petrifying        |       |     1 |       ||     1
       Distracted        |       |       |     2 ||     2
       Confused          |       |       |     3 ||     3
  Eat: Chunk             |       |     4 |    13 ||    17
Armor: Leather armour    |    27 |    22 |    51 ||   100
Dodge: Dodged            |    36 |    47 |   128 ||   211
Block: Buckler           |       |       |    40 ||    40
       Rpst.: Falchion   |     7 |    16 |    37 ||    60
